AoeStats
← NotOgreYet

Oasis

509927794Analyzed
3v3 RM · 5d ago on Sep 28, 2026· 24m 6s· 6 players
Game mode
Random Map
Map size
Normal (6 player)
Population
200
Speed
Normal
Resources
Standard
Victory
Conquest
Starting age
Dark Age
Ending age
Imperial Age
RankedLock teamsTeams togetherTeam positionsShared explorationLock speedFull tech treeHidden civsTurbo modeCheats
Victory
Defeat
🇮🇹 Vietnamese · Italy
1315
+11
🇮🇹 Maya · Italy
1299
+11
🇮🇹 Franks · Italy
1019
+24
🇬🇧 Hindustanis · United Kingdom
1280
-19
🇬🇧 Spanish · United Kingdom
1180
-15
🇬🇧 Japanese · United Kingdom
1109
-12
SyonaraSenorita
10:56 Feudal Age
14:51 Castle Age
13:50 Loom
14:30 Double-Bit Axe
14:29 Horse Collar
24:24 Heavy Plow
25:04 Wheelbarrow
NotOgreYet
10:21 Feudal Age
9:19 Loom
13:08 Forging
13:21 Horse Collar
16:04 Wheelbarrow
20:53 Double-Bit Axe
25:52 Castle Age
Lord Brick
7:56 Loom
11:25 Feudal Age
11:55 Double-Bit Axe
11:31 Man-at-Arms
Red Bull
0:27 Loom
9:14 Feudal Age
10:27 Double-Bit Axe
13:11 Fletching
14:26 Padded Archer Armor
20:58 Castle Age
21:20 Crossbowman
22:40 Bodkin Arrow
Nihil
7:38 Loom
9:47 Feudal Age
10:58 Double-Bit Axe
16:45 Fletching
17:27 Padded Archer Armor
21:58 Castle Age
22:35 Bodkin Arrow
22:02 Elite Skirmisher
24:20 Leather Archer Armor
23:31 Pikeman
Ubi maior
7:32 Loom
11:08 Feudal Age
16:29 Castle Age
24:28 Forging
Connection lost

Rejoining the realm…

Still unreachable

The connection could not be restored.

Session expired

The server has moved on; the page needs a fresh start.